 Dungeon Crawl Stone Soup version 0.29-a0-717-g6dac4ea423 (webtiles) character file.

Game seed: 11090734575897541688

158991 mandarbmax the Wrestler (level 17, -14/158 HPs)
             Began as a Troll Necromancer on June 26, 2022.
             Was the Champion of Cheibriados.
             Demolished by a merfolk impaler
             ... wielding a +2 demon trident of venom
              (22 damage)
             ... on level 3 of the Shoals.
             The game lasted 01:35:47 (26684 turns).

mandarbmax the Wrestler (Troll Necromancer)        Turns: 26684, Time: 01:35:48

Health: -14/158    AC: 17    Str: 45    XL:     17   Next: 15%
Magic:  16/20      EV: 19    Int: 32    God:    Cheibriados [******]
Gold:   664        SH:  0    Dex: 25    Spells: 7/22 levels left

rFire   + . .      SeeInvis .     - Unarmed
rCold   + . .      Faith    .   (no shield)
rNeg    + . .      Spirit   .   X - +2 pearl dragon scales
rPois   .          Reflect  .   (helmet currently unavailable)
rElec   .          Harm     .   L - scarf {rC+ rF+}
rCorr   +          Rampage  .   (gloves unavailable)
Will    .....                   (boots unavailable)
Stlth   +.........              e - amulet of regeneration
HPRegen 1.96/turn               v - +6 ring of strength
MPRegen 0.17/turn               R - ring "Narosor" {rCorr EV+4 Str+4}

@: lethally poisoned (-14 -> -14), appendages, weak-willed, wereblooded,
animating dead (expiring), very slow
A: horns 2, talons 2, large, unfitting armour, claws 3, regeneration 1, shaggy
fur 1, tough skin 1
a: End Transformation, Renounce Religion, Bend Time, Temporal Distortion,
Slouch, Step From Time


You were on level 3 of the Shoals.
You worshipped Cheibriados.
Cheibriados was exalted by your worship.
You had temporarily grown beastly horns and talons.
You visited 6 branches of the dungeon, and saw 28 of its levels.
You visited the Abyss 1 time.
You also visited: Gauntlet.

You collected 2445 gold pieces.
You spent 1781 gold pieces at shops.

Inventory:

Missiles
 H - 6 throwing nets
Armour
 i - a +2 cloak
 m - an orb of light
 E - a +2 hat (melded)
 F - the +0 cloak "Zotolumu" {Int+3}
   (You found it on level 1 of the Shoals)

   Int:       It affects your intelligence (+3).
 L - a scarf of resistance (worn)
 W - a +0 tower shield
 X - +2 pearl dragon scales (worn)
 Y - a +1 kite shield
Jewellery
 e - an amulet of regeneration (around neck)
 n - the ring of Beotimo {rPois rF+ rN+}
   (You took it off a rakshasa on level 15 of the Dungeon)

   [ring of positive energy]

   rF:        It protects you from fire.
   rPois:     It protects you from poison.
   rN:        It protects you from negative energy.
 u - a ring of resist corrosion
 v - a +6 ring of strength (left claw)
 y - a +6 ring of intelligence
 M - a +6 ring of strength
 R - the ring "Narosor" (right claw) {rCorr EV+4 Str+4}
   (You took it off a minotaur in a Gauntlet)

   [ring of evasion]

   EV:        It affects your evasion (+4).
   Str:       It affects your strength (+4).
   rCorr:     It protects you from acid and corrosion.
 T - a ring of protection from cold
Wands
 p - a wand of charming (12)
 x - a wand of quicksilver (11)
 I - a wand of digging (21)
 P - a wand of polymorph (6)
 Q - a wand of flame (28)
 U - a wand of iceblast (14)
Scrolls
 a - 4 scrolls of magic mapping
 d - 6 scrolls of fear
 f - 3 scrolls of silence
 g - 4 scrolls of enchant weapon
 h - 12 scrolls of teleportation
 j - 6 scrolls of vulnerability
 k - 9 scrolls of identify
 o - a scroll of blinking
 q - 5 scrolls of fog
 z - 2 scrolls of immolation
 C - 2 scrolls of summoning
 G - 4 scrolls of brand weapon
 J - 4 scrolls of poison
 O - 3 scrolls of amnesia
 V - 2 scrolls of enchant armour
Potions
 b - 2 potions of magic
 c - 2 potions of ambrosia
 l - 3 potions of mutation
 r - 8 potions of curing
 s - a potion of might
 t - 3 potions of attraction
 w - 2 potions of invisibility
 A - a potion of lignification
 D - a potion of heal wounds
 N - 3 potions of brilliance
 S - a potion of resistance
 Z - 2 potions of flight
Miscellaneous
 K - a box of beasts


   Skills:
 - Level 8.1 Fighting
 - Level 6.6 Armour
 - Level 8.1 Dodging
 - Level 1.0 Stealth
 + Level 22.9 Unarmed Combat
 + Level 3.0 Spellcasting
 - Level 4.0 Necromancy
 + Level 4.6 Translocations
 - Level 6.0 Transmutations
 + Level 3.2 Invocations
 + Level 6.9 Evocations


You had 7 spell levels left.
You knew the following spells:

 Your Spells              Type           Power      Damage    Failure   Level
a - Necrotize             Necr           100%       1d9       1%          1
b - Wereblood             Tmut           43%        N/A       1%          2
c - Animate Dead          Necr           30%        N/A       21%         4
d - Beastly Appendage     Tmut           86%        N/A       1%          1
e - Blink                 Tloc           68%        N/A       2%          2
f - Manifold Assault      Tloc           34%        N/A       41%         5

Your spell library contained the following spells:

 Spells                   Type           Power      Damage    Failure   Level
 Sublimation of Blood     Necr           30%        N/A       3%          2
 Passwall                 Tmut/Erth      20%        N/A       4%          2
 Gell's Gravitas          Tloc           34%        N/A       4%          3
 Lesser Beckoning         Tloc           34%        N/A       4%          3
 Teleport Other           Tloc           34%        N/A       4%          3
 Vampiric Draining        Necr           30%        2d8       6%          3
 Spider Form              Tmut/Pois      24%        N/A       10%         3
 Foxfire                  Conj/Fire      16%        2x1d4     11%         1
 Ensorcelled Hibernation  Hex/Ice        8%         N/A       16%         2
 Searing Ray              Conj           8%         2d4       16%         2
 Passage of Golubria      Tloc           34%        N/A       16%         4
 Confusing Touch          Hex            4%         N/A       32%         3
 Conjure Flame            Conj/Fire      4%         6-21      32%         3
 Inner Flame              Hex/Fire       4%         N/A       32%         3
 Swiftness                Air            4%         N/A       32%         3
 Agony                    Necr           30%        N/A       50%         5
 Alistair's Intoxication  Tmut/Pois      16%        N/A       65%         5
 Yara's Violent Unravell  Hex/Tmut       12%        3d7       65%         5
 Airstrike                Air            2%         N/A       71%         4
 Flame Wave               Conj/Fire      4%         2d5       71%         4
 Olgreb's Toxic Radiance  Pois           4%         N/A       71%         4
 Sticky Flame             Conj/Fire      4%         2d3       71%         4
 Summon Ice Beast         Ice/Summ       4%         N/A       71%         4
 Summon Lightning Spire   Summ/Air       4%         N/A       71%         4
 Summon Forest            Summ/Tloc      9%         N/A       75%         5
 Borgnjor's Vile Clutch   Necr/Erth      8%         N/A       78%         5
 Dispersal                Tloc           17%        N/A       94%         6
 Lightning Bolt           Conj/Air       2%         1d13      96%         5
 Summon Mana Viper        Hex/Summ       4%         N/A       96%         5
 Eringya's Noxious Bog    Tmut/Pois      12%        N/A       99%         6
 Enfeeble                 Hex            2%         N/A       100%        7
 Malign Gateway           Summ/Tloc      9%         N/A       100%        7
 Monstrous Menagerie      Summ           2%         N/A       100%        7
 Ozocubu's Refrigeration  Ice            2%         4d5       100%        7
 Summon Hydra             Summ           2%         N/A       100%        7
 Borgnjor's Revivificati  Necr           15%        N/A       100%        8
 Ignition                 Fire           2%         3d3       100%        8
 Necromutation            Tmut/Necr      18%        N/A       100%        8
 Death's Door             Necr           15%        N/A       100%        9


Dungeon Overview and Level Annotations

Branches:
Dungeon (15/15)            Temple (1/1) D:7            Lair (6/6) D:10
 Shoals (3/4) Lair:3        Snake (1/4) Lair:2        Slime (0/5) Lair:6
    Orc (2/2) D:12            Elf (0/3) Orc:2        Vaults (0/5) D:14
 Depths (0/4) D:15        Gauntlet (visited)

Altars:
Cheibriados
Dithmenos
Elyvilon
Fedhas
Gozag
Hepliaklqana
Nemelex Xobeh
Okawaru
Ru
Sif Muna
Trog
Uskayaw
Vehumet
Xom
Yredelemnul
Jiyva
Lugonu

Shops:
D:2 =[[   D:5 [   D:8 ?   D:9 ?   D:12 [(   D:13 (((   D:14 !([[   Orc:1 :
Orc:2 :(??   Shoals:1 !   Shoals:2 *

Portals:
Abyss: D:15 Lair:6
Pandemonium: Orc:2

Annotations:
D:11 exclusion: ice statue


Innate Abilities, Weirdness & Mutations

You have temporarily grown beastly horns and talons.
You are too large for most types of armour.
You have claws for hands.
Your natural rate of healing is unusually fast.
You are covered in fur. (AC +1)
You have tough skin. (AC +1)


Message History

* * * LOW HITPOINT WARNING * * *
The water nymph drowns you!
* * * LOW HITPOINT WARNING * * *
The faun shoots a sling bullet.
The sling bullet hits your water nymph zombie!
Unknown command.
You barely miss the merfolk impaler. Your kick misses the merfolk impaler.
The merfolk impaler is moderately wounded.
The merfolk impaler hits you with a +2 demon trident of venom!
* * * LOW HITPOINT WARNING * * *
Unknown command.
Unknown command.
You barely miss the merfolk impaler. You claw the merfolk impaler.
The merfolk impaler is moderately wounded.
The merfolk impaler hits you with a +2 demon trident of venom.
* * * LOW HITPOINT WARNING * * *
You are poisoned.
The water nymph touches you. The water nymph drowns you!
* * * LOW HITPOINT WARNING * * *
The faun shoots a sling bullet.
The sling bullet closely misses your water nymph zombie.
The sling bullet hits you.
* * * LOW HITPOINT WARNING * * *
Unknown command.
Blink to where?
Press: ? - help, Dir - move target
As you read the scroll of blinking, it crumbles to dust.
Your reaping aura is weakening.
You feel sick. The faun casts a spell at you.
Your willpower is stripped away!
You feel sick. The merfolk impaler closely misses you.
The water nymph touches you. The water nymph drowns you!
* * * LOW HITPOINT WARNING * * *
The water nymph's watery aura covers the stone staircase leading up.
Splash!
You fall into the shallow water.
Moving in this stuff is going to be slow.
The merfolk impaler hits you from afar with a +2 demon trident of venom!!
You die...

..m#.........##.≈
.....≈.c≈c.......≈
..≈m....c≈≈..≈≈≈≈.
.....≈≈≈≈≈≈...≈≈≈≈
...≈≈≈≈≈≈Z≈≈..≈≈≈≈
≈...≈≈≈≈≈≈≈.≈≈.≈≈≈
≈..≈≈≈≈§)≈≈....≈≈≈
.........≈≈...mm.....≈≈.
.....≈≈≈≈≈≈≈≈..≈@....≈≈≈
≈≈≈≈≈≈≈≈≈≈.≈≈.≈..≈≈≈≈.≈≈
≈≈≈≈≈≈≈≈≈≈..≈≈≈..≈≈≈≈≈.≈
≈≈≈≈≈≈≈≈≈≈≈≈≈≈≈..≈≈≈≈≈≈.
≈≈≈≈≈≈≈≈≈≈≈≈≈≈≈..≈≈≈≈≈≈.
≈≈≈≈...≈≈≈....≈..≈≈≈≈≈≈≈
≈≈......≈≈...≈≈≈≈≈≈≈≈≈≈≈
≈≈......≈≈......≈≈≈≈.#..
≈......≈≈≈≈....


You could see a merfolk impaler (ally target), a merfolk, 3 fauns, a water nymph
and a friendly water nymph zombie.

Vanquished Creatures
  A tentacled starspawn (Abyss:3)
  Kirke (D:15)
  A daeva (D:15)
  A frost giant (D:15)
  2 orc warlords
  A cacodemon (D:15)
  Nessos (D:14)
  3 very ugly things
  The ghost of Opripao the Severer, a journeyman MiFi of Qazlal (D:15)
  A minotaur (Gauntlet)
  Harold (Lair:1)
  7 hydras
  2 rakshasas (D:15)
  A merfolk avatar (Shoals:2)
  3 demonspawn (Orc:2)
  2 boulder beetles (D:14)
  A death knight (D:15)
  A merfolk aquamancer (Shoals:1)
  2 centaur warriors
  A catoblepas (Lair:3)
  5 two-headed ogres
  A dancing weapon (Lair:6)
  2 death scarabs (Gauntlet)
  3 tengu warriors (D:15)
  3 death yaks (Lair:6)
  6 orc high priests (Orc:2)
  6 thrashing horrors
  Urug (D:14)
  Amaemon (Lair:3)
  3 sixfirhies
  A fire crab (Lair:4)
  2 wretched stars (Abyss:3)
  14 sea snakes
  A naga ritualist (Lair:2)
  The ghost of logorrheac the Conjurer, a novice DsFE of Ashenzari (D:7)
  A spectral hydra (Gauntlet)
  5 orc knights
  A wizard (D:15)
  10 harpies
  2 deep elf pyromancers
  2 mana vipers
  The ghost of dolemite99 the Carver, a novice MiCK of Xom (D:7)
  8 cyclopes
  5 fauns
  7 orc sorcerers
  15 ugly things
  Joseph (D:8)
  A toenail golem (Abyss:3)
  6 manticores
  4 ice statues (D:12)
  9 black mambas
  2 merfolk sirens
  12 elephants
  4 water nymphs
  An eye of devastation (Abyss:3)
  2 orange demons
  4 smoke demons
  16 cane toads
  Maurice (D:9)
  A gargoyle (D:12)
  4 kobold demonologists
  13 komodo dragons
  3 rime drakes
  Maggie (D:9)
  2 ancient zymes
  An efreet (D:14)
  An ice devil (D:11)
  3 meliai (D:14)
  7 merfolk
  10 polar bears
  7 trolls
  A wind drake (Shoals:1)
  4 snapping turtles
  6 dream sheep (Shoals:1)
  7 slime creatures
  4 raiju (Abyss:3)
  A snapping turtle (shapeshifter) (D:15)
  20 blink frogs
  6 starcursed masses (Abyss:3)
  3 water elementals
  59 yaks
  4 ynoxinuls (Lair:6)
  A spriggan (Lair:6)
  A wraith (D:13)
  Eustachio (D:6)
  16 humans (D:14)
  10 wyverns
  5 basilisks
  12 small abominations
  A spectral komodo dragon (Gauntlet)
  2 hogs (D:15)
  2 neqoxecs
  Menkaure (D:5)
  13 vampire mosquitoes
  A naga (Lair:2)
  The ghost of frimble the Sneak, an amateur OpWr (D:7)
  2 wargs (Orc:1)
  3 acid dragons
  20 water moccasins
  5 sky beasts
  29 orc warriors
  13 ice beasts (D:12)
  5 black bears
  6 ogres
  17 centaurs
  A wolf (D:7)
  2 phantoms
  11 bullfrogs
  4 kobold brigands
  2 gnoll sergeants
  6 scorpions
  8 wights (D:8)
  5 killer bees (D:10)
  4 howler monkeys (D:9)
  7 hounds
  2 gnoll shamans
  20 orc priests
  A jelly (D:7)
  3 iguanas
  5 hell rats
  13 orc wizards
  22 gnolls
  13 adders
  2 shadow imps (D:7)
  2 white imps
  2 ufetubi
  A worm (D:3)
  5 dart slugs
  67 orcs
  5 ball pythons
  5 endoplasms
  4 giant cockroaches
  7 goblins
  7 hobgoblins
  10 jackals (D:1)
  2 quokkas (D:2)
  8 bats
  3 frilled lizards
  16 kobolds
  5 rats
819 creatures vanquished.

Vanquished Creatures (collateral kills)
  The ghost of Olebroam the Fighter, a journeyman OgIE of Ashenzari (Lair:6)
  A merfolk avatar (Shoals:3)
  A death yak (Lair:6)
  A sea snake (Shoals:1)
  An orc knight (Orc:2)
  A harpy (Shoals:1)
  An ugly thing (D:15)
  3 fauns (Shoals:3)
  3 elephants
  3 black mambas
  A merfolk siren (Shoals:2)
  2 cane toads (Lair:6)
  3 komodo dragons
  A rime drake (Lair:4)
  A polar bear (Lair:3)
  2 raiju (Abyss:3)
  3 blink frogs
  A dream sheep (D:7)
  2 vampire mosquitoes
  2 basilisks
  3 yaks
  A large abomination (Lair:6)
  An acid dragon (D:11)
  2 water moccasins
  2 orc warriors
  An ogre (Orc:1)
  A centaur (D:7)
  A bullfrog (Lair:4)
  4 small abominations (Lair:6)
  2 electric eels (Lair:5)
  A hound (D:7)
  A jelly (Lair:6)
  3 orc priests
  4 orc wizards
  4 hell rats
  10 orcs
  2 endoplasms (Lair:6)
77 creatures vanquished.

Vanquished Creatures (others)
  A very ugly thing zombie (D:15)
  3 ugly thing zombies
  2 hydra zombies
  A harpy zombie (Shoals:2)
  4 black mamba zombies
  A merfolk zombie (Shoals:3)
  3 faun zombies (Shoals:1)
  A water nymph zombie (Shoals:3)
  3 cane toad zombies
  2 dream sheep zombies (Shoals:1)
  A snapping turtle zombie (D:15)
  4 elephant zombies
  4 blink frog zombies
  A hog zombie (D:15)
  A komodo dragon zombie (Lair:6)
  A wyvern zombie (D:7)
  6 water moccasin zombies
  2 raiju zombies (Abyss:3)
  2 polar bear zombies
  A troll zombie (D:11)
  A yak zombie (Lair:1)
  A wolf zombie (D:7)
  2 bullfrog zombies
  A basilisk zombie (Lair:6)
  An ogre zombie (Orc:1)
  2 hell rat zombies (Lair:4)
  A gnoll (D:6)
  5 gnoll zombies (D:11)
  33 orc zombies
  A bush (D:10)
  7 demonic plants (D:13)
  45 fungi
  A lurking horror (D:15)
  116 plants
  2 starspawn tentacles (Abyss:3)
  5 withered plants
268 creatures vanquished.

Grand Total: 1164 creatures vanquished

Notes
Turn   | Place    | Note
-------+----------+-------------------------------------------
     0 | D:1      | mandarbmax the Troll Necromancer began the quest for the
                  | Orb.
     0 | D:1      | Reached XP level 1. HP: 16/16 MP: 1/1
    76 | D:1      | Reached skill level 1 in Unarmed Combat
   101 | D:1      | Reached XP level 2. HP: 24/24 MP: 0/2
   262 | D:1      | Reached skill level 2 in Unarmed Combat
   287 | D:1      | Learned a level 2 spell: Wereblood
   516 | D:1      | Reached XP level 3. HP: 31/31 MP: 3/3
  1097 | D:2      | Found Ucwot's Armour Boutique.
  1206 | D:2      | Reached skill level 3 in Unarmed Combat
  1319 | D:2      | Reached XP level 4. HP: 32/39 MP: 0/4
  1445 | D:2      | Found Igiom's Jewellery Emporium.
  1454 | D:2      | Found Iqyq's Armour Shoppe.
  1462 | D:2      | Bought a +0 cloak for 58 gold pieces
  1791 | D:2      | Reached skill level 4 in Unarmed Combat
  2314 | D:3      | Reached XP level 5. HP: 44/45 MP: 5/5
  2421 | D:3      | Found a faded altar of an unknown god.
  2763 | D:3      | Reached skill level 5 in Unarmed Combat
  3251 | D:4      | Reached XP level 6. HP: 53/53 MP: 3/6
  3492 | D:4      | Reached skill level 6 in Unarmed Combat
  3947 | D:4      | Learned a level 4 spell: Animate Dead
  4138 | D:5      | Entered Level 5 of the Dungeon
  4199 | D:5      | Reached skill level 7 in Unarmed Combat
  4199 | D:5      | Reached XP level 7. HP: 59/59 MP: 2/7
  4442 | D:5      | Reached skill level 8 in Unarmed Combat
  4486 | D:5      | Noticed Menkaure
  4494 | D:5      | Killed Menkaure
  4545 | D:5      | Reached skill level 9 in Unarmed Combat
  4847 | D:5      | Found a blossoming altar of Fedhas.
  4954 | D:5      | Found Ohuf's Armour Shop.
  5065 | D:5      | Found an opulent altar of Gozag.
  5163 | D:5      | Reached XP level 8. HP: 67/67 MP: 3/9
  5404 | D:6      | Reached skill level 1 in Transmutations
  5978 | D:6      | Noticed Eustachio
  5996 | D:6      | Killed Eustachio
  6120 | D:6      | Reached skill level 1 in Fighting
  6460 | D:7      | Found a huge runed translucent gate.
  6461 | D:7      | Found a huge runed translucent gate.
  6462 | D:7      | Found a huge runed translucent gate.
  6462 | D:7      | Noticed a polar bear
  6463 | D:7      | Found a huge runed translucent gate.
  6463 | D:7      | Noticed a polar bear
  6463 | D:7      | Noticed a polar bear
  6464 | D:7      | Noticed a polar bear
  6464 | D:7      | Noticed a polar bear
  6464 | D:7      | Noticed a dream sheep
  6464 | D:7      | Noticed a polar bear
  6749 | D:7      | Found a staircase to the Ecumenical Temple.
  6827 | Temple   | Entered the Ecumenical Temple
  6840 | Temple   | Became a worshipper of Cheibriados the Contemplative
  6918 | D:7      | Found a hazy altar of Hepliaklqana.
  6958 | D:7      | Reached XP level 9. HP: 84/84 MP: 11/11
  7474 | D:7      | Found a runed translucent gate.
  7482 | D:7      | Found a runed translucent gate.
  7482 | D:7      | Found a runed translucent gate.
  7484 | D:7      | Noticed logorrheac's ghost (novice DsFE)
  7484 | D:7      | Noticed frimble's ghost (amateur OpWr)
  7484 | D:7      | Noticed dolemite99's ghost (novice MiCK)
  7540 | D:7      | Reached skill level 1 in Evocations
  7769 | D:8      | Found a shadowy altar of Dithmenos.
  7833 | D:8      | Reached skill level 1 in Armour
  7857 | D:8      | Noticed Joseph
  7869 | D:8      | Killed Joseph
  7906 | D:8      | Found Edeummal's Magic Scroll Shop.
  7918 | D:8      | Bought a scroll of magic mapping for 38 gold pieces
  7931 | D:8      | Found a shimmering blue altar of Sif Muna.
  8047 | D:8      | Noticed a two-headed ogre
  8054 | D:8      | Killed a two-headed ogre
  8054 | D:8      | Reached * piety under Cheibriados
  8055 | D:8      | Reached skill level 10 in Unarmed Combat
  8322 | D:8      | Reached XP level 10. HP: 86/88 MP: 9/12
  8404 | D:9      | Noticed Maurice
  8455 | D:9      | Killed Maurice
  8472 | D:9      | Noticed a smoke demon
  8542 | D:9      | Found Zierapariu's Magic Scroll Shop.
  8745 | D:9      | Reached skill level 11 in Unarmed Combat
  8796 | D:9      | Found a basalt altar of Yredelemnul.
  8888 | D:9      | Noticed Maggie
  8898 | D:9      | Killed Maggie
  9054 | D:9      | Found a sparkling altar of Nemelex Xobeh.
  9091 | D:10     | Entered Level 10 of the Dungeon
  9164 | D:9      | Reached ** piety under Cheibriados
  9287 | D:10     | Reached skill level 12 in Unarmed Combat
  9488 | D:10     | Reached skill level 13 in Unarmed Combat
  9503 | D:10     | Found a staircase to the Lair.
  9624 | D:10     | Found a white marble altar of Elyvilon.
  9679 | D:10     | Reached XP level 11. HP: 77/100 MP: 11/13
  9778 | D:10     | Reached *** piety under Cheibriados
  9971 | D:10     | Found a sacrificial altar of Ru.
 10161 | D:10     | Reached skill level 14 in Unarmed Combat
 10354 | D:11     | Noticed a two-headed ogre
 10358 | D:11     | Killed a two-headed ogre
 10498 | D:11     | Reached **** piety under Cheibriados
 10869 | D:11     | Noticed an eight-headed hydra
 10913 | D:12     | Noticed a two-headed ogre
 10920 | D:12     | Killed a two-headed ogre
 10921 | D:12     | Reached skill level 15 in Unarmed Combat
 11011 | D:12     | Noticed a seven-headed hydra
 11146 | D:12     | Found a staircase to the Orcish Mines.
 11147 | D:12     | Found Foch's Armour Shoppe.
 11148 | D:12     | Found Ozujaeg's Weapon Shoppe.
 11686 | D:13     | Found Hacloonn's Weapon Shoppe.
 11688 | D:13     | Noticed a two-headed ogre
 11696 | D:13     | Killed a two-headed ogre
 11697 | D:13     | Reached skill level 16 in Unarmed Combat
 11792 | Lair:1   | Entered Level 1 of the Lair of Beasts
 11802 | D:10     | Reached XP level 12. HP: 107/107 MP: 11/14
 12020 | Lair:1   | Reached ***** piety under Cheibriados
 12149 | Lair:1   | Reached skill level 17 in Unarmed Combat
 12402 | Lair:1   | Noticed Harold
 12410 | Lair:1   | Killed Harold
 12952 | Lair:2   | Reached skill level 18 in Unarmed Combat
 13244 | Lair:2   | Found a staircase to the Snake Pit.
 13730 | Lair:3   | Found a gate leading to a gauntlet.
 13746 | Gauntlet | Entered a Gauntlet
 13746 | Gauntlet | Noticed a death scarab
 13746 | Gauntlet | Found a transporter.
 13746 | Gauntlet | Found a transporter.
 13746 | Gauntlet | Found a transporter.
 13766 | Gauntlet | Found a transporter.
 13769 | Gauntlet | Noticed a death scarab
 13782 | Gauntlet | Found a transporter.
 13784 | Gauntlet | Found a transporter.
 13798 | Gauntlet | Found a transporter.
 13838 | Gauntlet | Noticed a death scarab
 13849 | Gauntlet | Found a transporter.
 13849 | Gauntlet | Found a transporter.
 13896 | Gauntlet | Found a transporter.
 13900 | Gauntlet | Found a transporter.
 13912 | Gauntlet | Found a transporter.
 13972 | Gauntlet | Killed a death scarab
 14031 | Gauntlet | Killed a death scarab
 14032 | Gauntlet | Reached skill level 19 in Unarmed Combat
 14032 | Gauntlet | Reached XP level 13. HP: 104/113 MP: 15/15
 14174 | Gauntlet | Identified the ring of Dogma {rCorr EV+4}
 14236 | Gauntlet | Identified the ring "Narosor" {rCorr EV+4 Str+4}
 14236 | Gauntlet | Noticed a minotaur
 14244 | Gauntlet | Killed a minotaur
 14407 | Lair:3   | Found a staircase to the Shoals.
 14414 | Lair:3   | Reached ****** piety under Cheibriados
 14547 | Lair:3   | Noticed Amaemon
 14554 | Lair:3   | Killed Amaemon
 14715 | Lair:3   | Identified the +9 quarterstaff "Hydrabane" {spect, rElec
                  | rC+}
 14767 | Lair:3   | Reached skill level 20 in Unarmed Combat
 15035 | Lair:4   | You fall into a shaft and drop 1 floor!
 15333 | Lair:5   | Reached skill level 21 in Unarmed Combat
 15998 | Lair:4   | Reached XP level 14. HP: 110/123 MP: 13/16
 16039 | Lair:4   | Identified the +6 halberd of the Spheres {spect, rN+ SInv}
 16356 | Lair:4   | Reached skill level 22 in Unarmed Combat
 16630 | Lair:6   | Entered Level 6 of the Lair of Beasts
 16695 | Lair:6   | Found a viscous altar of Jiyva.
 16697 | Lair:6   | Found a staircase to the Slime Pits.
 16766 | Lair:6   | Found a runed translucent door.
 16767 | Lair:6   | Found a shimmering altar of Xom.
 16767 | Lair:6   | Noticed Olebroam's ghost (journeyman OgIE)
 16784 | Lair:6   | Killed Olebroam's ghost
 17135 | Lair:6   | Reached skill level 5 in Fighting
 17137 | Lair:6   | Reached skill level 5 in Armour
 17820 | Lair:6   | Got the Catalogue of the Compass
 17912 | Lair:6   | Found a corrupted altar of Lugonu.
 17913 | Lair:6   | Found a one-way gate to the infinite horrors of the Abyss.
 17922 | Lair:6   | Got the Compendium of Confrontation
 18158 | Orc:1    | Entered Level 1 of the Orcish Mines
 18159 | Orc:1    | Paralysed by an orc sorcerer for 4 turns
 18327 | D:5      | Bought +0 pearl dragon scales for 1000 gold pieces
 18525 | Orc:1    | Noticed an orc warlord
 18542 | Orc:1    | Killed an orc warlord
 18714 | Orc:1    | Found Arrar's Book Emporium.
 18874 | Orc:2    | Entered Level 2 of the Orcish Mines
 18874 | Orc:2    | Found a staircase to the Elven Halls.
 19076 | Orc:2    | Reached skill level 5 in Dodging
 19209 | Orc:2    | Found Rotegona's Magic Scroll Emporium.
 19219 | Orc:2    | Found Efyz Hialef's Magic Scroll Shoppe.
 19230 | Orc:2    | Reached XP level 15. HP: 100/135 MP: 1/17
 19267 | Orc:2    | Bought a scroll of enchant armour for 105 gold pieces
 19500 | Orc:2    | Paralysed by an orc sorcerer for 4 turns
 19540 | Orc:2    | Found Wucloz's Antique Weapon Boutique.
 19540 | Orc:2    | Found a one-way gate leading to the halls of Pandemonium.
 19540 | Orc:2    | Found Poffuyth's Book Shop.
 20221 | Orc:1    | Bought a book of Changes for 216 gold pieces
 20303 | Orc:2    | Bought a book of Spatial Translocations for 364 gold pieces
 20305 | Orc:2    | Learned a level 1 spell: Beastly Appendage
 20482 | D:13     | Found Congoc's Weapon Emporium.
 20523 | D:13     | Found Guvien's Antique Weapon Boutique.
 20646 | D:13     | Found a corrupted altar of Lugonu.
 21873 | D:14     | Noticed Nessos
 21873 | D:14     | Noticed Urug
 21873 | D:14     | Found a gate to the Vaults.
 21876 | D:14     | Killed Nessos
 21876 | D:14     | Killed Urug
 21954 | D:14     | Found Zoimub's Armour Emporium.
 22102 | D:14     | Found Riteutz's Antique Weapon Emporium.
 22102 | D:14     | Found Iddyoq's Distillery.
 22547 | D:14     | Found Hijiw's Armour Boutique.
 22592 | D:14     | You fall into a shaft and drop 1 floor!
 22592 | D:15     | Entered Level 15 of the Dungeon
 23039 | Abyss:3  | Cast into level 3 of the Abyss (a wizard)
 23078 | Abyss:3  | Reached skill level 5 in Transmutations
 23097 | Abyss:3  | Noticed a tentacled starspawn
 23102 | Abyss:3  | Killed a tentacled starspawn
 23111 | Abyss:3  | Reached XP level 16. HP: 133/152 MP: 16/18
 23246 | D:15     | Escaped the Abyss
 23283 | D:15     | Learned a level 2 spell: Blink
 23320 | D:15     | Noticed Opripao's ghost (journeyman MiFi)
 23336 | D:15     | Found a transporter.
 23345 | D:15     | Found a transporter.
 23389 | D:15     | Reached skill level 5 in Evocations
 23394 | D:15     | Reached skill level 1 in Translocations
 23463 | D:15     | Noticed Kirke
 23475 | D:15     | Killed Kirke
 23587 | D:15     | Identified the ring of Beotimo {rPois rF+ rN+}
 23899 | D:15     | Found a staircase to the Depths.
 24314 | D:7      | Killed logorrheac's ghost
 24316 | D:7      | Killed frimble's ghost
 24318 | D:7      | Killed dolemite99's ghost
 24357 | D:7      | Learned a level 5 spell: Manifold Assault
 24584 | D:15     | Killed Opripao's ghost
 24905 | Snake:1  | Entered Level 1 of the Snake Pit
 24961 | Shoals:1 | Entered Level 1 of the Shoals
 25037 | Shoals:1 | Reached skill level 1 in Invocations
 25273 | Shoals:1 | Identified the +0 cloak "Zotolumu" {Int+3}
 25502 | Shoals:1 | Found Ybbiad's Distillery.
 25938 | Shoals:2 | Reached XP level 17. HP: 157/158 MP: 13/20
 26054 | Shoals:2 | You fall into a shaft and drop 1 floor!
 26344 | Shoals:2 | Found Xohaithe's General Store.
 26684 | Shoals:3 | Demolished by a merfolk impaler

Illustrated notes

Levels and vault maps discovered:
D:1:      matt_arrival_los_fun, layout_basic
D:2:      layout_basic, serial_shops, shop, shop_statue, shop_fountains,
          serial_co_window_serial, co_window_paths_b, co_window_corner_a,
          co_window_of_opportunity_a, co_window_corner_a, co_window_cross_1,
          co_window_corner_a, co_window_of_opportunity_a, co_window_paths_a,
          co_window_paths_a, co_window_of_opportunity_c,
          co_window_of_opportunity_b, co_window_broadway_a, co_window_corner_b,
          glass_columns_a, glass_columns_b, glass_columns_a, glass_columns_b
D:3:      minmay_angry_zag, layout_loops_ring,
          shapermc_ecumenical_altar_mp_ritualfount
D:4:      layout_loops_ring, saegor_snake_ambush
D:5:      layout_loops_ring, fedhas_altar_fruit_tree, grunt_gozag_statues,
          serial_shops, nicolae_shop_temple_entry_statues_fountains,
          minmay_misc_feat_tiny, uniq_menkaure
D:6:      layout_loops_corners, minmay_misc_feat_alley, uniq_eustachio
D:7:      lemuel_bear_cage, layout_basic, nicolae_hepliaklqana_hazy_memory,
          minmay_temple_entry_fiery, gammafunk_ghost_cemetery, st_stairs_12
D:8:      layout_loops_cross, nicolae_dithmenos_through_a_glass_darkly,
          kennysheep_mini, serial_shops, shop, uniq_joseph
D:9:      layout_roguey, nemelex_diamond_rough_becter,
          yredelemnul_altar_generic, serial_shops, shop_statue, uniq_maurice,
          uniq_maggie
D:10:     layout_long_grid, nicolae_overflow_hidden_temple, elyvilon_altar_1,
          minmay_lair_entry_grove, hangedman_fish_farm
D:11:     cheibrodos_frozen_isle, layout_rooms
D:12:     minmay_ice_pillars, layout_stronghold, orc_david_3
D:13:     kennysheep_kobold_lugonu_temple, layout_loops_ring, serial_shops,
          nicolae_shop_overgrown_old_shop, shop,
          nicolae_shop_bloodbath_and_beyond
D:14:     layout_rooms, david_vaults_3, minmay_staircase_windowed_large,
          serial_shops, nicolae_diamond_shop, shop,
          nicolae_shop_competitors_out_of_business, shop
D:15:     grunt_enter_depths_snipers, layout_loops_corners, special_room
          [special_room_orc], gammafunk_ghost_abyssal_escape, uniq_kirke
Temple:   dshaligram_water_room_temple
Lair:1:   layout_cave_pods, lemuel_fruit_fields, grunt_megastairs_3, uniq_harold
Lair:2:   layout_big_grid, guppyfry_snake_entry_garden, beast_lair_carwin_10
Lair:3:   layout_misc_corridors, minmay_shoals_entry_centaurs,
          gauntlet_entry_generic, beast_lair_carwin_11, lemuel_fruit_tree,
          infiniplex_staircase_pool_2, uniq_amaemon
Lair:4:   layout_roguey, chequers_serial_rivers_micro_b, grunt_megastairs_1,
          serial_bayou_shore_b
Lair:5:   layout_hall_layers, serial_bayou_ford_a, beast_lair_carwin_1
Lair:6:   hellmonk_lair_end_abyssal_woods, layout_small_grid,
          nicolae_slime_entry_slimehenge, ebering_ghost_xom
Shoals:1: layout_shoals, serial_shops, nicolae_shop_hallway_stairs
Shoals:2: layout_shoals, serial_shops, shop_fountains
Shoals:3: layout_shoals, serial_shops, nicolae_take_the_stairs, shop
Snake:1:  layout_honeycomb, basic_altar
Orc:1:    layout_caves, serial_shops, nicolae_shop_behind_doors
Orc:2:    pf_orc_diabolical, layout_caves

Skill      XL: |  1  2  3  4  5  6  7  8  9 10 11 12 13 14 15 16 17 |
---------------+----------------------------------------------------+-----
Unarmed Combat | 1 2 3 4 5 7 9 10 13 16 19 21 22 | 22.9
Dodging        | 2 5 8 |  8.1
Transmutations | 3 5 6 |  6.0
Spellcasting   | 2 3 |  3.0
Necromancy     | 4 |  4.0
Fighting       | 3 4 6 8 |  8.1
Evocations     | 3 4 6 |  6.9
Armour         | 2 4 6 |  6.6
Translocations | 4 |  4.6
Invocations    | 2 3 |  3.2
Stealth        | |  1.0

Action                   |  1- 3 |  4- 6 |  7- 9 | 10-12 | 13-15 | 16-18 || total
-------------------------+-------+-------+-------+-------+-------+-------++-------
Melee: Unarmed           |   100 |   109 |   224 |   450 |   668 |   322 ||  1873
       Punch             |     1 |     2 |     1 |    38 |    91 |    38 ||   171
       Kick              |       |       |       |       |    56 |   104 ||   160
       Headbutt          |       |       |       |       |    22 |    74 ||    96
 Cast: Necrotize         |    24 |    65 |    33 |     4 |       |       ||   126
       Wereblood         |       |       |    13 |    43 |    66 |    28 ||   150
       Animate Dead      |       |       |       |     6 |    29 |    13 ||    48
       Beastly Appendage |       |       |       |       |    25 |    36 ||    61
Evoke: Wand              |       |       |     2 |     6 |    11 |     1 ||    20
       Box of beasts     |       |       |       |     1 |     4 |     1 ||     6
  Use: Scroll            |       |     9 |     2 |    13 |     7 |     4 ||    35
       Potion            |       |       |       |     8 |     4 |     6 ||    18
 Stab: Sleeping          |       |     1 |     1 |     1 |     1 |       ||     4
       Distracted        |       |       |       |     6 |     5 |     5 ||    16
       Invisible         |       |       |       |       |     2 |       ||     2
Armor: Robe              |    50 |    34 |    48 |       |       |       ||   132
       Acid dragon scale |       |       |    19 |    84 |   131 |       ||   234
       Steam dragon scal |       |       |       |   109 |       |       ||   109
       Pearl dragon scal |       |       |       |       |   148 |   100 ||   248
Dodge: Dodged            |    45 |    54 |    69 |   316 |   555 |   263 ||  1302

Table legend: (Time is in decaauts)
 A = Elapsed time spent in this place.
 B = Non-inter-level travel time spent in this place.
 C = Inter-level travel time spent in this place.
 D = Time resting spent in this place.
 E = Time spent auto-exploring this place.
 F = Levels seen in this place.
 G = Mean time per level.
                   A        B        C        D        E       F      G
               +--------+--------+--------+--------+--------+-----+--------+
         Total |  38682 |  34009 |   4673 |   2376 |  24418 |  30 | 1289.4 |
       Dungeon |  21869 |  18764 |   3105 |   1435 |  13895 |  15 | 1457.9 |
        Temple |     24 |     13 |     11 |      0 |      5 |   1 |   24.0 |
          Lair |   9570 |   8783 |    787 |    402 |   6723 |   6 | 1595.0 |
        Shoals |   2804 |   2644 |    160 |    233 |   1835 |   3 |  934.7 |
     Snake Pit |     18 |     15 |      3 |      0 |      0 |   1 |   18.0 |
  Orcish Mines |   3141 |   2537 |    604 |    135 |   1721 |   2 | 1570.5 |
         Abyss |    335 |    335 |      0 |      0 |      0 |   1 |  335.0 |
      Gauntlet |    919 |    919 |      0 |    170 |    237 |   1 |  919.0 |
               +--------+--------+--------+--------+--------+-----+--------+

Top non-repeatable levels by time:
    D:12: 2878 daAuts
    D:15: 2379 daAuts
  Lair:6: 2117 daAuts
   Orc:2: 2065 daAuts
     D:7: 1943 daAuts
    D:10: 1892 daAuts
  Lair:1: 1815 daAuts
  Lair:5: 1721 daAuts
    D:13: 1477 daAuts
     D:5: 1422 daAuts
Shoals:1: 1420 daAuts
  Lair:2: 1387 daAuts
  Lair:4: 1293 daAuts
    D:14: 1285 daAuts
  Lair:3: 1235 daAuts
